 Dungeon Crawl Stone Soup version 0.30.1-11-g7821555f0a (webtiles) character file.

Game seed: 2012257782565586139

207 Kagerus the Poker (level 5, 0/41 HPs)
             Began as a Merfolk Gladiator on Oct 29, 2023.
             Was a Follower of Wu Jian.
             Succumbed to a scorpion's poison
             ... on level 5 of the Dungeon.
             The game lasted 00:11:52 (3913 turns).

Kagerus the Poker (Merfolk Gladiator)               Turns: 3913, Time: 00:11:53

Health: 0/41       AC:  4    Str: 14    XL:     5   Next: 85%
Magic:  5/5        EV: 13    Int:  7    God:    Wu Jian [*.....]
Gold:   240        SH:  0    Dex: 18    Spells: 4/4 levels left

rFire   . . .        a - +0 trident
rCold   . . .        (no shield)
rNeg    . . .        b - +0 leather armour
rPois   .            s - +0 helmet
rElec   .            (no cloak)
rCorr   .            (no gloves)
SInv    .            (no boots)
Will    .....        (no amulet)
Stlth   +            (no ring)
HPRegen 0.26/turn    (no ring)
MPRegen 0.09/turn

%: no passive effects
@: lethally poisoned (0 -> -25)
A: (nimble swimmer 2), mertail
a: Renounce Religion


You were on level 5 of the Dungeon.
You worshipped Wu Jian.
Wu Jian was aware of your devotion.
You visited 1 branch of the dungeon, and saw 5 of its levels.

You collected 240 gold pieces.

Inventory:

Hand Weapons
 a - a +0 trident (weapon)
 t - a +0 whip of electrocution
Missiles
 d - 3 throwing nets (quivered)
 e - a javelin
Armour
 b - a +0 leather armour (worn)
 s - a +0 helmet (worn)
Jewellery
 l - an amulet of regeneration
 m - a ring of fire
Wands
 v - a wand of acid (7)
Scrolls
 f - 6 scrolls of identify {unknown}
 j - 3 scrolls of vulnerability {unknown}
 k - 3 scrolls of blinking {unknown}
 n - a scroll of fear {unknown}
 o - 3 scrolls of teleportation {unknown}
 q - a scroll of poison {unknown}
 r - a scroll of amnesia {unknown}
 u - 2 scrolls of noise {unknown}
Potions
 c - a potion of heal wounds
 g - 2 potions of curing {unknown}
 h - a potion of degeneration {unknown}
 i - a potion of might {unknown}
 p - a potion of invisibility {unknown}


   Skills:
 * Level 3.3 Fighting
 - Level 6.2 Polearms
 - Level 4.0 Throwing
 - Level 4.0 Dodging


You had 4 spell levels left.
You didn't know any spells.
Your spell library contained the following spells:

 Spells                   Type           Power      Damage    Failure   Level
 Ensorcelled Hibernation  Hex/Ice        0%         N/A       65%         2
 Passwall                 Tmut/Erth      0%         N/A       65%         2
 Swiftness                Air            0%         N/A       87%         3


Dungeon Overview and Level Annotations

Branches:
Dungeon (5/15)
 Temple: D:4-7

Altars:
Cheibriados
Dithmenos
Wu Jian

Annotations:
D:5 2 transporters


Innate Abilities, Weirdness & Mutations

((You are very nimble when in or above water. (Stealth+, EV+, Speed+++)))
Your lower body shifts to a powerful aquatic tail in water.


Message History

You closely miss the scorpion. The scorpion closely misses you.
You closely miss the scorpion. The scorpion closely misses you.
You hit the scorpion but do no damage. The scorpion stings you.
You are poisoned.
The scorpion poisons you!
You hit the scorpion but do no damage.
You feel sick. The scorpion stings you.
You are more poisoned.
The scorpion poisons you!
You closely miss the scorpion.
You feel very sick. The scorpion closely misses you. The scorpion stings you.
You are lethally poisoned!
The scorpion poisons you!
You hit the scorpion.
The scorpion is lightly wounded.
You feel extremely sick. The scorpion closely misses you.
The scorpion attacks as you move away! The scorpion closely misses you.
* * * LOW HITPOINT WARNING * * *
You feel very sick.
It was a potion of heal wounds.
You feel much better.
You feel very sick. The scorpion stings you.
You are lethally poisoned!
The scorpion poisons you!
You hit the scorpion.
The scorpion is heavily wounded.
You feel very sick. The scorpion stings you.
You are more poisoned.
The scorpion poisons you!
You hit the scorpion.
The scorpion is severely wounded.
* * * LOW HITPOINT WARNING * * *
You feel extremely sick. The scorpion barely misses you.
The scorpion closely misses you.
You puncture the scorpion!
You kill the scorpion!
The Council accepts your kill.
You die...

## .© .##.......# .# #
.........© .. .#
#.##....(...# ## ... #
...##.....## . ###©
#..#.
#..#.....#.#.##...
#..##.#......#..##...#
#...@##.....##.##..##
#..##†#........#..#..#x
#.##..#.#...#$##..##
#....###.#...###....#
#.##. #............. ..
#. #.#........... ##.
.) #.#........... . .#
#.#########... . .# #.#
#...


There were no monsters in sight!

Vanquished Creatures
  A scorpion (D:5)
  A hound (D:4)
  A sleepcap (D:4)
  An orc wizard (D:3)
  4 adders
  3 worms
  3 dart slugs
  8 orcs
  5 endoplasms
  2 giant cockroaches
  8 goblins
  7 hobgoblins
  2 jackals (D:1)
  A quokka (D:4)
  7 ball pythons
  2 bats
  4 frilled lizards
  6 kobolds
  4 rats
70 creatures vanquished.

Notes
Turn   | Place    | Note
-------+----------+-------------------------------------------
     0 | D:1      | Kagerus the Merfolk Gladiator began the quest for the Orb.
     0 | D:1      | Reached XP level 1. HP: 16/16 MP: 1/1
   234 | D:1      | Reached XP level 2. HP: 19/22 MP: 2/2
   859 | D:2      | Reached XP level 3. HP: 26/27 MP: 3/3
  1346 | D:2      | Reached skill level 5 in Polearms
  1501 | D:3      | Reached XP level 4. HP: 8/33 MP: 4/4
  2043 | D:3      | Found a faded altar of an unknown god.
  2063 | D:3      | Prayed at the altar of an unknown god.
  2063 | D:3      | Became a worshipper of the Wu Jian Council
  2063 | D:3      | Reached * piety under Wu Jian
  2076 | D:3      | Identified the +6 mace of Iconoclasm {protect, *Slow Dex+4}
  2393 | D:3      | Found a snail-covered altar of Cheibriados.
  2629 | D:4      | Reached XP level 5. HP: 32/38 MP: 5/5
  2792 | D:4      | Reached skill level 6 in Polearms
  2987 | D:3      | HP: 1/38 [orc/+0 flail (6)]
  3320 | D:4      | Found a shadowy altar of Dithmenos.
  3754 | D:5      | Entered Level 5 of the Dungeon
  3867 | D:5      | Noticed a small abomination
  3881 | D:5      | Found a transporter.
  3896 | D:5      | Found a transporter.
  3913 | D:5      | Succumbed to a scorpion's poison

Illustrated notes

Levels and vault maps discovered:
D:1:      amcnicky_arrival_double_pillar, layout_loops_cross
D:2:      layout_basic, kennysheep_nub
D:3:      layout_loops_ring, mainiacjoe_overflow_alcove_4,
          hellmonk_ecumenical_altar_zigzags, kennysheep_path_1,
          dk_noncrumbling_4, grunt_ministairs_6
D:4:      layout_loops_cross, mainiacjoe_overflow_24_doors, kennysheep_dice
D:5:      layout_basic, minmay_temple_entry_junction,
          gammafunk_ghost_abyssal_escape, chequers_garden, st_stairs_3,
          nicolae_eternal_life

Skill      XL: |  1  2  3  4  5 |
---------------+----------------+-----
Polearms       | 5 6 |  6.2
Throwing       | 3 4 |  4.0
Fighting       | 3 |  3.3
Dodging        | |  4.0

Action                     |  1- 3 |  4- 6 || total
---------------------------+-------+-------++-------
  Melee: Trident           |   115 |   160 ||   275
         Punch             |       |     1 ||     1
Ability: Whirlwind         |       |     5 ||     5
         Lunge             |       |     3 ||     3
    Use: Potion            |       |     1 ||     1
   Stab: Sleeping          |     1 |    10 ||    11
 Armour: Leather armour    |    20 |    16 ||    36
  Dodge: Dodged            |    57 |    87 ||   144
